 Dungeon Crawl Stone Soup version 0.19.5 (webtiles) character file.

122 tidbits the Slasher (level 4, -5/31 HPs)
             Began as a High Elf Fighter on Dec 12, 2017.
             Slain by an ogre
             ... wielding a +0 giant club
              (12 damage)
             ... on level 4 of the Dungeon.
             The game lasted 00:10:44 (1170 turns).

tidbits the Slasher (High Elf Fighter)              Turns: 1170, Time: 00:10:44

Health: -5/31      AC:  6    Str: 15    XL:     4   Next: 78%
Magic:  5/5        EV: 13    Int: 13    God:
Gold:   156        SH:  9    Dex: 19    Spells: 0 memorised, 3 levels left

rFire  . . .     SeeInvis .     a - +0 long sword
rCold  . . .     Gourm    .     l - +0 scale mail
rNeg   . . .     Faith    .     f - +0 shield
rPois  .         Spirit   .     (no helmet)
rElec  .         Reflect  .     (no cloak)
rCorr  .         Harm     .     (no gloves)
MR     .....                    (no boots)
Stlth  +.........               (no amulet)
                                (no ring)
                                (no ring)

@: agile
A: no striking features
a: no special abilities


You were on level 4 of the Dungeon.
You were not hungry.

You visited 1 branch of the dungeon, and saw 4 of its levels.

You collected 156 gold pieces.

Inventory:

Hand Weapons
 a - a +0 long sword (weapon)
 b - a +0 hunting sling
   (You found it on level 1 of the Dungeon)
 m - a +0 dagger
   (You took it off a goblin on level 1 of the Dungeon)
Missiles
 g - 68 stones (quivered)
 i - a throwing net {!f}
 k - 17 arrows
 o - 20 sling bullets
Armour
 f - a +0 shield (worn)
 l - a +0 scale mail (worn)
 s - a cursed +0 leather armour
   (You found it on level 2 of the Dungeon)
Scrolls
 d - a scroll of enchant armour {unknown}
 e - a scroll of amnesia {unknown}
 h - 2 scrolls of magic mapping {unknown}
 j - 2 scrolls of fog {unknown}
 n - 2 scrolls of teleportation {unknown}
 p - a scroll of remove curse {unknown}
 t - a scroll of blinking {unknown}
Potions
 u - a potion of haste {unknown}
Comestibles
 c - 3 bread rations
 q - a royal jelly


   Skills:
 - Level 3.0 Fighting
 + Level 5.0 Long Blades
 - Level 2.6 Armour
 - Level 2.8 Dodging
 - Level 2.6 Shields


You had 3 spell levels left.
You didn't know any spells.

Dungeon Overview and Level Annotations

Branches:
Dungeon (4/15)
 Temple: D:4-7

Altars:
Ashenzari
Fedhas


Message History

You block the adder's attack.
You miss the adder. The adder bites you but does no damage.
You hit the adder but do no damage. You block the adder's attack.
The adder bites you but does no damage.
You slash the adder!
The adder is almost dead.
The adder barely misses you.
You riposte.
You miss the adder.
The adder is almost dead.
You barely miss the adder.
The adder is almost dead.
The adder bites you but does no damage. The adder barely misses you.
You hit the adder.
You kill the adder!
No target in view!
You see here an adder corpse.
You see here a sling bullet.
o - 21 sling bullets (gained 1)
You see here an adder corpse.
You are feeling hungry.
A goblin comes into view. It is wielding a club.
The goblin shouts!
Okay, then.
You closely miss the goblin. You block the goblin's attack.
You hit the goblin but do no damage. The goblin barely misses you.
Your shield and scale mail prevent you from hitting the goblin.
You block the goblin's attack.
You hit the goblin.
You kill the goblin!
Things that are here:
a club; a goblin corpse You butcher the goblin corpse.
Things that are here:
a club; a chunk of flesh; a goblin skeleton Eat a chunk of flesh? (ye/n/q)
You start eating the chunk of flesh.
This raw flesh tastes terrible.
There is a stone staircase leading down here.
You climb downwards.
A frilled lizard comes into view.
The frilled lizard bites you but does no damage.
There is a stone staircase leading up here.
Your shield and scale mail prevent you from hitting the frilled lizard.
You block the frilled lizard's attack.
The frilled lizard bites you but does no damage.
You hit the frilled lizard.
You kill the frilled lizard!
You see here a frilled lizard corpse.
Found a stone staircase leading down.
There is a stone staircase leading down here.
You climb downwards.
An ogre and a howler monkey come into view.
The ogre shouts!
There is a stone staircase leading up here.
You aren't carrying any items that you can evoke.
Unknown command.
Okay, then.
The ogre hits you with a giant club!
You climb upwards.
There is a stone staircase leading down here.
Found a stone staircase leading down.
There is a stone staircase leading down here.
You climb downwards.
Found 4 gold pieces and 2 scrolls labeled KEUKEU QOOBEMA.
There is a stone staircase leading up here.
You see here 4 gold pieces.
You now have 156 gold pieces (gained 4).
There is a stone staircase leading up here.
You see here 2 scrolls labeled KEUKEU QOOBEMA.
h - 2 scrolls labeled KEUKEU QOOBEMA
Found a stone staircase leading down.
There is a stone staircase leading down here.
An ogre comes into view. It is wielding a giant club.
The ogre shouts!
The ogre moves out of view.
Found a blossoming altar of Fedhas.
b - a +0 hunting sling (weapon)
Firing (i - inventory. (,) - cycle):
o - 21 sling bullets (quivered)
Press: ? - help, Shift-Dir - straight line, f - ogre
Aim: an ogre, wielding a giant club You shoot a sling bullet.
The sling bullet barely misses the ogre.
a - a +0 long sword (weapon)
You slash the ogre!
The ogre is moderately wounded.
The ogre hits you with a giant club!!
Ouch! That really hurt!
* * * LOW HITPOINT WARNING * * *
It was a potion of agility.
You feel agile all of a sudden. The ogre barely misses you.
You completely miss the ogre.
The ogre is moderately wounded.
The ogre barely misses you.
You hit the ogre.
The ogre is heavily wounded.
The ogre closely misses you.
You slash the ogre!
The ogre is severely wounded.
The ogre hits you with a giant club!
You die...

....... .._.. .....
### ... ..# (.. #.#
#.# #.# #O#
#.###@######
#............
#.##########.
#..#####.#......
#.......>.......
#.####.#.######
###.#......#
...........#
#.#.#.#..#########.


You could see an ogre.

Vanquished Creatures
  7 adders (D:2)
  A worm (D:2)
  A dart slug (D:2)
  A leopard gecko (D:2)
  2 orcs (D:3)
  4 goblins
  8 hobgoblins
  7 jackals (D:3)
  4 kobolds
  A quokka (D:2)
  4 bats
  7 frilled lizards
  5 rats
52 creatures vanquished.

Notes
Turn   | Place    | Note
-------+----------+-------------------------------------------
     0 | D:1      | tidbits the High Elf Fighter began the quest for the Orb.
     0 | D:1      | Reached XP level 1. HP: 16/16 MP: 2/2
   123 | D:2      | Reached skill level 3 in Long Blades
   123 | D:2      | Reached XP level 2. HP: 19/21 MP: 3/3
   198 | D:1      | Reached skill level 4 in Long Blades
   203 | D:1      | Reached XP level 3. HP: 16/26 MP: 4/4
   516 | D:2      | Found a shattered altar of Ashenzari.
   606 | D:2      | Reached skill level 5 in Long Blades
   692 | D:2      | Reached skill level 1 in Dodging
   692 | D:2      | Reached XP level 4. HP: 27/31 MP: 5/5
   805 | D:2      | Reached skill level 2 in Dodging
   876 | D:2      | HP: 3/31 [poisoned by an adder]
  1126 | D:4      | Noticed an ogre
  1161 | D:4      | Found a blossoming altar of Fedhas.
  1161 | D:4      | Noticed an ogre
  1170 | D:4      | Slain by an ogre

Skill      XL: |  1  2  3  4 |
---------------+-------------+-----
Long Blades    | 3 4 5 |  5.0
Dodging        | 1 2 |  2.8
Fighting       | |  3.0
Armour         | |  2.6
Shields        | |  2.6

Action                   |  1- 3 |  4- 6 || total
-------------------------+-------+-------++-------
Melee: Long sword        |   108 |    77 ||   185
 Fire: Hunting sling     |    15 |     9 ||    24
Throw: Throwing net      |     2 |       ||     2
       Stone             |     1 |     1 ||     2
  Use: Potion            |     4 |     2 ||     6
  Eat: Chunk             |       |     2 ||     2
Armor: Scale mail        |    66 |    33 ||    99
Dodge: Dodged            |    33 |    20 ||    53
Block: Shield            |    51 |    42 ||    93
       Rpst.: Long sword |    10 |     4 ||    14

Table legend:
 A = Turns spent in this place as a percentage of turns spent in the entire game.
 B = Non-inter-level travel turns spent in this place as a percentage of non-inter-level travel turns spent in the entire game.
 C = Inter-level travel turns spent in this place as a percentage of turns spent in this place.
 D = Turns resting spent in this place as a percentage of non-inter-level travel turns spent in this place.
 E = Turns spent auto-exploring this place as a percentage of non-inter-level travel turns spent in this place.
 F = Non-inter-level travel turns spent in this place divided by the number of levels of this place that you've seen.
                   A       B       C       D       E      F
               +-------+-------+-------+-------+-------+----------------------
         Total | 100.0 | 100.0 |   0.3 |   0.0 |   0.0 | 270.2
       Dungeon | 100.0 | 100.0 |   0.3 |   0.0 |   0.0 | 270.2
               +-------+-------+-------+-------+-------+----------------------

Table legend:
 A = Kills in this place as a percentage of kills in entire the game.
 B = Kills by you in this place as a percentage of kills by you in the entire game.
 C = Kills by friends in this place as a percentage of kills by friends in the entire game.
 D = Other kills in this place as a percentage of other kills in the entire game.
 E = Experience gained in this place as a percentage of experience gained in the entire game.
 F = Experience gained in this place divided by the number of levels of this place that you have seen.
                   A       B       C       D       E      F
               +-------+-------+-------+-------+-------+----------------------
         Total | 100.0 | 100.0 |  -nan |  -nan | 100.0 |  43.8
       Dungeon | 100.0 | 100.0 |  -nan |  -nan | 100.0 |  43.8
               +-------+-------+-------+-------+-------+----------------------

Vault maps used:
D:1:      dpeg_arrival_fog, minmay_tromino_v2
D:2:      serial_aquarium, aquarium_bridge_straight, aquarium_window_1,
          aquarium_window_corner, aquarium_view_2c, aquarium_balcony_1b,
          aquarium_pool_2, ashenzari_altar_1
D:4:      grunt_temple_overflow_order_and_chaos_2,
          nicolae_tso_swordbearing_angel, lemuel_round_altar,
          minmay_temple_entry_statues_pillars, first_bread
